 Dungeon Crawl Stone Soup version 0.31-a0-1005-gfbdfbac (webtiles) character file.

Game seed: 1972319279320682921

84 Partyfoot the Shooter (level 4, -1/39 HPs)
             Began as an Armataur Hunter on Nov 11, 2023.
             Slain by an ufetubus (2 damage)
             ... on level 3 of the Dungeon.
             The game lasted 00:03:57 (1256 turns).

Partyfoot the Shooter (Armataur Hunter)             Turns: 1256, Time: 00:03:58

Health: -1/39      AC:  4    Str: 17    XL:     4   Next: 24%
Magic:  4/4        EV: 10    Int:  9    God:
Gold:   69         SH:  0    Dex: 15    Spells: 3/3 levels left

rFire   . . .        a - +0 shortbow
rCold   . . .        (shield currently unavailable)
rNeg    . . .        c - +0 leather armour
rPois   .            (no helmet)
rElec   .            (no cloak)
rCorr   .            (no gloves)
SInv    .            (no barding)
Will    .....        (no amulet)
Stlth   ++           (no ring)
HPRegen 0.26/turn    (no ring)
MPRegen 0.09/turn

%: roll
@: no status effects
A: large, rugged brown scales 3, deformed body, armoured tail, roll, long
tongue, awkward tongue
a: no special abilities


You were on level 3 of the Dungeon.
You visited 1 branch of the dungeon, and saw 3 of its levels.

You collected 69 gold pieces.

Inventory:

Hand Weapons
 a - a +0 shortbow (weapon)
Armour
 c - a +0 leather armour (worn)
Scrolls
 b - a scroll of butterflies
 e - a scroll of poison {unknown}
 h - a scroll of noise {unknown}
 i - 2 scrolls of teleportation {unknown}
 m - a scroll of enchant armour {unknown}
Potions
 d - a potion of attraction {unknown}
 f - a potion of curing {unknown}
 g - a potion of mutation {unknown}
 j - a potion of magic {unknown}
 k - 2 potions of invisibility {unknown}
 l - a potion of lignification {unknown}


   Skills:
 + Level 2.5 Fighting
 + Level 3.3 Ranged Weapons
 + Level 2.0 Dodging
 + Level 2.6 Stealth


You had 3 spell levels left.
You didn't know any spells.
Your spell library was empty.

Dungeon Overview and Level Annotations

Branches:
Dungeon (3/15)

Altars:


Innate Abilities, Weirdness & Mutations

You are completely covered in rugged brown scales. (AC +3, +7% HP)
Armour fits poorly on your strangely shaped body.
You have a long armoured tail.
You roll when moving toward enemies. (Rampage)
Your long tongue fully drains potion bottles. (2x potion effects)
Your tongue gives you trouble enunciating. (1.5x scroll delay)


Message History

* * * LOW HITPOINT WARNING * * *
The ufetubus barely misses you. The kobold barely misses you.
The frilled lizard closely misses you.
A rat comes into view.
The ufetubus barely misses you.
The ufetubus hits you but does no damage.
The ufetubus hits you.
* * * LOW HITPOINT WARNING * * *
The ufetubus hits you.
* * * LOW HITPOINT WARNING * * *
You shoot an arrow. The arrow hits the kobold.
You kill the kobold!
The ufetubus barely misses you. x2; The ufetubus hits you.
* * * LOW HITPOINT WARNING * * *
The ufetubus hits you but does no damage.
The frilled lizard bites you but does no damage.
The ufetubus hits you but does no damage.
The ufetubus closely misses you.
The frilled lizard bites you but does no damage.
The ufetubus slips past you! The ufetubus hits you.
* * * LOW HITPOINT WARNING * * *
The ufetubus barely misses you. The ufetubus slips past you!
The ufetubus hits you.
* * * LOW HITPOINT WARNING * * *
The ufetubus completely misses you.
You see here a +0 dagger.
You shoot an arrow. The arrow hits the ufetubus.
The ufetubus is lightly wounded.
The ufetubus hits you but does no damage.
The ufetubus closely misses you. The ufetubus barely misses you. x2
The frilled lizard barely misses you.
The ufetubus hits you but does no damage.
The ufetubus closely misses you.
The ufetubus hits you but does no damage.
The ufetubus closely misses you.
You shoot an arrow.
The arrow hits the ufetubus but does no damage.
The ufetubus is lightly wounded.
The ufetubus hits you.
You die...

...### # #.....
. #..#.#.#
#..#.#.#
#..#.#.##
#..#....#
#..l....#
#..<@5..#
#...5...#
..........r....
#..##...##.###.
#.# #..!# .# .
....# # ..$...
.####.#


You could see 2 ufetubi, a frilled lizard and a rat.

Vanquished Creatures
  2 adders (D:2)
  3 worms (D:2)
  A dart slug (D:1)
  3 endoplasms
  4 giant cockroaches
  A goblin (D:2)
  9 hobgoblins
  11 kobolds
  2 quokkas
  5 ball pythons
  2 bats (D:1)
  6 frilled lizards
  4 rats
53 creatures vanquished.

Notes
Turn   | Place    | Note
-------+----------+-------------------------------------------
     0 | D:1      | Partyfoot the Armataur Hunter began the quest for the Orb.
     0 | D:1      | Reached XP level 1. HP: 18/18 MP: 1/1
    24 | D:1      | Reached skill level 3 in Ranged Weapons
   171 | D:1      | Reached XP level 2. HP: 25/25 MP: 2/2
   363 | D:1      | Reached XP level 3. HP: 31/31 MP: 3/3
   500 | D:1      | Found a faded altar of an unknown god.
  1066 | D:2      | Reached XP level 4. HP: 39/39 MP: 4/4
  1254 | D:3      | HP: 1/39 [ufetubus (3)]
  1256 | D:3      | Slain by an ufetubus

Illustrated notes

Levels and vault maps discovered:
D:1:      roadster_arrival_rocket_small, layout_rooms, basic_ecumenical_altar,
          lexackson_kobold_supper
D:2:      layout_basic
D:3:      layout_loops_ring, serial_shops, shop

Skill      XL: |  1  2  3  4 |
---------------+-------------+-----
Ranged Weapons | 3 |  3.3
Fighting       | 2 |  2.5
Stealth        | 2 |  2.6
Dodging        | 2 |  2.0

Action                     |  1- 3 |  4- 6 || total
---------------------------+-------+-------++-------
   Fire: Shortbow          |   154 |    36 ||   190
 Armour: Leather armour    |    58 |    42 ||   100
  Dodge: Dodged            |    38 |    34 ||    72

Table legend: (Time is in decaauts)
 A = Elapsed time spent in this place.
 B = Non-inter-level travel time spent in this place.
 C = Inter-level travel time spent in this place.
 D = Time resting spent in this place.
 E = Time spent auto-exploring this place.
 F = Levels seen in this place.
 G = Mean time per level.
                   A        B        C        D        E       F      G
               +--------+--------+--------+--------+--------+-----+--------+
         Total |   1306 |   1235 |     71 |    111 |    804 |   3 |  435.3 |
       Dungeon |   1306 |   1235 |     71 |    111 |    804 |   3 |  435.3 |
               +--------+--------+--------+--------+--------+-----+--------+

Top non-repeatable levels by time:
     D:1: 658 daAuts
     D:2: 632 daAuts
     D:3: 15 daAuts
